 Dungeon Crawl Stone Soup version 0.20-a0-1089-g3fde505 (webtiles) character file.

308 Alarkh the Chopper (level 6, 43/47 HPs)
             Began as a Demonspawn Berserker on May 3, 2017.
             Was a Believer of Trog.
             Got out of the dungeon alive.
             The game lasted 00:01:45 (1747 turns).

Alarkh the Chopper (Demonspawn Berserker)           Turns: 1747, Time: 00:01:45

Health: 43/47      AC:  2    Str: 17    XL:     6   Next: 16%
Magic:  6/6        EV: 12    Int: 10    God:    Trog [**....]
Gold:   20         SH:  0    Dex: 13    Spells: 5/5 levels left

rFire    . . .     SeeInvis .   a - +0 hand axe
rCold    . . .     Gourm    .   (no shield)
rNeg     . . .     Faith    .   b - +0 animal skin
rPois    .         Spirit   .   (no helmet)
rElec    .         Reflect  .   (no cloak)
rCorr    .         Harm     .   (no gloves)
MR       .....                  (boots unavailable)
Stlth    +.........             (no amulet)
Regen    0.2/turn               (no ring)
MPRegen  0.1/turn               (no ring)

@: no status effects
A: talons 3, sanguine armour 1
a: Berserk, Trog's Hand, Burn Spellbooks, Renounce Religion


You escaped.
You worshipped Trog.
Trog was pleased with you.
You were not hungry.

You visited 1 branch of the dungeon, and saw 4 of its levels.

You collected 20 gold pieces.

Inventory:

Hand Weapons
 a - a +0 hand axe (weapon)
Armour
 b - a +0 animal skin (worn)
Scrolls
 d - a scroll of enchant armour {unknown}
 e - a scroll of remove curse {unknown}
 f - a scroll of recharging {unknown}
 g - a scroll of amnesia {unknown}
 i - a scroll of identify {unknown}
 j - 2 scrolls of fog {unknown}
 k - a scroll of immolation {unknown}
Comestibles
 c - a bread ration
 h - 3 fruits
 l - 2 chunks of flesh


   Skills:
 - Level 3.0 Fighting
 + Level 6.3 Axes
 - Level 1.7 Armour
 - Level 1.7 Dodging


You had 5 spell levels left.
You didn't know any spells.

Dungeon Overview and Level Annotations

Branches:
Dungeon (4/15)
 Temple: D:4-7

Altars:
Vehumet
Xom


Innate Abilities, Weirdness & Mutations

You have claws for feet.
When seriously injured, your bleeding wounds create armour. (AC +0)


Message History

You barely miss the hobgoblin. Your kick misses the hobgoblin.
The hobgoblin is lightly wounded.
The hobgoblin barely misses you.
You hit the hobgoblin.
The hobgoblin is almost dead.
The hobgoblin hits you.
You hit the hobgoblin.
You kill the hobgoblin!
Trog accepts your kill.
No target in view!
No target in view!
No target in view!
No target in view!
No target in view!
(D) Dungeon
Where to? (Enter - D:1 @ (x,y), ? - help)
You see here 13 stones.
There is a staircase leading out of the dungeon here.
Are you sure you want to leave the Dungeon?
This will make you lose the game!
You have escaped!

#......# #..
####.##### ##(
#####..###.###..
............##...
...........##....
#####...........###
####...####.....####
###........)###(###
#......@....(.'(+
###.........###+#
####...#### #####


There were no monsters in sight!

Vanquished Creatures
  Sigmund (D:3)
  The ghost of Paps the Skirmisher, a weakling GrFi (D:3)
  2 orc wizards (D:3)
  2 adders (D:3)
  A worm (D:3)
  A leopard gecko (D:3)
  3 orcs (D:3)
  2 giant cockroaches
  4 goblins
  4 hobgoblins (D:1)
  2 kobolds (D:1)
  A quokka (D:1)
  4 bats (D:1)
  A frilled lizard (D:1)
  5 rats
34 creatures vanquished.

Vanquished Creatures (others)
  A kobold (D:3)
1 creature vanquished.

Grand Total: 35 creatures vanquished

Notes
Turn   | Place    | Note
-------+----------+-------------------------------------------
     0 | D:1      | Alarkh the Demonspawn Berserker began the quest for the Orb.
     0 | D:1      | Reached XP level 1. HP: 18/18 MP: 1/1
    64 | D:1      | Reached skill level 3 in Axes
   100 | D:1      | Gained mutation: You have sharp toenails. [demonic ancestry]
   100 | D:1      | Reached XP level 2. HP: 24/24 MP: 2/2
   487 | D:3      | Found a radiant altar of Vehumet.
   655 | D:3      | Noticed Sigmund
   852 | D:3      | Killed Sigmund
   852 | D:3      | Reached skill level 5 in Axes
   852 | D:3      | Gained mutation: You have razor-sharp toenails. [demonic ancestry]
   852 | D:3      | Reached XP level 3. HP: 22/29 MP: 3/3
   852 | D:3      | Reached XP level 4. HP: 27/35 MP: 4/4
   852 | D:3      | Gained mutation: You have claws for feet. [demonic ancestry]
   852 | D:3      | Reached XP level 5. HP: 31/41 MP: 5/5
   996 | D:3      | Noticed Paps's ghost (weakling GrFi)
  1008 | D:3      | Killed Paps's ghost
  1255 | D:3      | Reached skill level 6 in Axes
  1510 | D:3      | Reached ** piety under Trog
  1540 | D:3      | Found a shimmering altar of Xom.
  1577 | D:3      | Gained mutation: When seriously injured, your bleeding wounds create armour. (AC +0) [demonic ancestry]
  1577 | D:3      | Reached XP level 6. HP: 47/47 MP: 6/6
  1747 | D:$      | Got out of the dungeon alive.

Vault maps used:
D:1:      elethiomel_arrival_infinity_welcomes_careful_drivers
D:2:      nemelex_altar_shiori, minmay_rat_gold_closets
D:3:      lemuel_crystal_altar, nicolae_overflow_hidden_temple, first_bread,
          lemuel_another_geyser, uniq_sigmund
D:4:      kennysheep_mini_moat, lemuel_doored_altar, lemuel_blue_sif_altar,
          minmay_temple_entry_large_hall

Skill      XL: |  1  2  3  4  5 |
---------------+----------------+-----
Axes           | 3 5 6 |  6.3
Fighting       | |  3.0
Armour         | |  1.7
Dodging        | |  1.7

Action                   |  1- 3 |  4- 6 || total
-------------------------+-------+-------++-------
Melee: Hand axe          |    46 |    42 ||    88
       Unarmed           |    17 |     3 ||    20
       Kick              |     3 |    16 ||    19
Invok: Berserk           |     4 |     2 ||     6
  Use: Potion            |     1 |       ||     1
 Stab: Sleeping          |     1 |       ||     1
  Eat: Chunk             |     1 |     3 ||     4
       Bread ration      |       |     1 ||     1
Armor: Animal skin       |    12 |     3 ||    15
Dodge: Dodged            |    38 |    26 ||    64
